AoeStats
← Efthiron

Arabia

504828409Analyzed
1v1 RM · 27d ago on Sep 6, 2026· 33m 26s· 2 players
Game mode
Random Map
Map size
Tiny (2 player)
Population
200
Speed
Normal
Resources
Standard
Victory
Conquest
Starting age
Dark Age
Ending age
Imperial Age
RankedLock teamsTeams togetherTeam positionsShared explorationLock speedFull tech treeHidden civsTurbo modeCheats
Victory
Defeat
🇧🇷 Saracens · Brazil
1233
+17
🇲🇽 Ethiopians · Mexico
1251
-17
BelmontY
6:03 Loom
8:52 Feudal Age
10:20 Double-Bit Axe
19:22 Fletching
23:25 Castle Age
22:14 Padded Archer Armor
22:25 Gold Mining
22:17 Horse Collar
24:18 Bodkin Arrow
24:18 Crossbowman
28:20 Bow Saw
30:45 Leather Archer Armor
Efthiron
7:35 Loom
10:11 Feudal Age
10:50 Double-Bit Axe
12:38 Fletching
13:03 Town Watch
21:07 Castle Age
19:32 Padded Archer Armor
21:11 Crossbowman
21:57 Thumb Ring
22:33 Bow Saw
24:00 Bodkin Arrow
25:27 Gold Mining
30:23 Wheelbarrow
31:25 Elite Skirmisher
Connection lost

Rejoining the realm…

Still unreachable

The connection could not be restored.

Session expired

The server has moved on; the page needs a fresh start.